Map: Jagannatha LE

Players

GunGFuBanDa - Winner!

  • Race: Protoss Protoss
  • League: Grandmaster
  • Spawn Location: 7:00

AqueroN

  • Race: Terran Terran
  • League: Grandmaster
  • Spawn Location: 1:00

Event: DreamHack SC2 Masters 2020 Winter

VOD

Have the link to the VOD?

Description

Time

  • Played on: Oct. 24, 2020, 2:10 p.m.
  • Length: 12:28

All games in this series

Show
View Real Time Build Order
Export as new Build Order

GunGFuBanDa Protoss - Winner!

Build Orders: 1 Gate Expand, Blink Stalkers, Colossus Rush 

Get SALT Encoding   

  12  0:00  Probe  
  13  0:12  Probe  
  14  0:17  Pylon  
  14  0:24  Probe (Chrono Boost)  
  15  0:36  Probe (Chrono Boost)  
  15  0:37  Gateway  
  16  0:44  Probe (Chrono Boost)  
  16  0:49  Assimilator  
  17  0:50  Probe  
  18  1:03  Probe  
  19  1:15  Probe  
  20  1:26  Cybernetics Core  
  20  1:35  Nexus  
  20  1:38  Probe  
  21  1:46  Pylon  
  21  1:50  Probe  
  22  1:57  Assimilator  
  22  2:02  Warp Gate, Probe  
  22  2:04  Adept (Chrono Boost)  
  25  2:19  Probe  
  26  2:24  Shield Battery  
  26  2:25  Stalker (Chrono Boost)  
  28  2:33  Probe  
  28  2:45  Probe  
  28  2:47  Twilight Council  
  28  2:49  Stalker  
  31  2:54  Probe (Chrono Boost)  
  33  3:02  Probe (Chrono Boost)  
  33  3:05  Probe (Chrono Boost)  
  34  3:10  Probe x2 (Chrono Boost)  
  35  3:21  Probe (Chrono Boost)  
  35  3:25  Blink (Chrono Boost)  
  35  3:26  Probe (Chrono Boost)  
  37  3:28  Probe (Chrono Boost)  
  37  3:32  Probe (Chrono Boost)  
  39  3:35  Pylon, Probe  
  40  3:44  Probe  
  40  3:45  Robotics Facility  
  40  3:47  Probe  
  42  3:52  Gateway  
  42  3:56  Probe (Chrono Boost)  
  42  3:59  Sentry  
  46  4:04  Assimilator  
  46  4:05  Probe (Chrono Boost)  
  46  4:07  Assimilator  
  46  4:08  Probe (Chrono Boost)  
  45  4:13  Pylon, Probe x2 (Chrono Boost)  
  47  4:20  Gateway  
  47  4:21  Gateway  
  47  4:23  Probe  
  48  4:25  Probe  
  48  4:28  Stalker  
  51  4:32  Pylon  
  51  4:37  Probe x2  
  51  4:38  Observer  
  54  4:48  Stalker  
  54  4:49  Probe  
  57  4:53  Stalker  
  57  4:56  Robotics Bay  
  59  5:04  Probe  
  59  5:06  Pylon  
  60  5:11  Stalker  
  62  5:15  Sentry  
  62  5:16  Sentry  
  62  5:18  Pylon  
  62  5:20  Stalker  
  68  5:34  Probe x2  
  70  5:41  Colossus (Chrono Boost)  
  70  5:48  Nexus  
  70  5:49  Pylon  
  76  5:54  Stalker x2  
  76  5:55  Stalker  
  81  5:59  Probe  
  81  6:00  Probe  
  81  6:03  Charge  
  83  6:11  Probe  
  83  6:14  Forge  
  83  6:15  Pylon  
  84  6:22  Zealot x2  
  88  6:30  Colossus (Chrono Boost)  
  82  6:49  Zealot x2  
  82  6:51  Protoss Ground Weapons Level 1 (Chrono Boost)  
  78  6:54  Probe (Chrono Boost)  
  78  6:57  Probe (Chrono Boost)  
  80  7:02  Gateway, Sentry  
  80  7:03  Gateway, Probe (Chrono Boost)  
  80  7:07  Probe (Chrono Boost)  
  85  7:11  Gateway, Sentry  
  85  7:12  Probe x2 (Chrono Boost)  
  85  7:13  Probe (Chrono Boost)  
  85  7:14  Gateway  
  89  7:17  Pylon  
  89  7:19  Colossus (Chrono Boost)  
  95  7:25  Probe x3  
  95  7:28  Shield Battery  
  98  7:32  Pylon  
  98  7:36  Sentry  
  98  7:37  Zealot x2  
  102  7:38  Probe x2  
  106  7:44  Probe  
  106  7:47  Assimilator  
  106  7:50  Assimilator, Probe  
  108  7:52  Robotics Facility  
  108  7:57  Pylon  
  108  7:58  Pylon  
  108  8:01  Stalker x2  
  108  8:02  Zealot  
  114  8:07  Observer (Chrono Boost)  
  115  8:14  Forge  
  115  8:15  Stalker x2, Pylon, Zealot  
  115  8:18  Pylon  
  121  8:23  Shield Battery  
  127  8:33  Probe  
  128  8:35  Colossus (Chrono Boost)  
  128  8:37  Disruptor (Chrono Boost)  
  128  8:40  Protoss Ground Weapons Level 2 (Chrono Boost)  
  131  8:43  Protoss Ground Armor Level 1 (Chrono Boost)  
  131  8:44  Pylon x2  
  131  8:51  Pylon  
  131  8:59  Probe x2  
  131  9:00  Probe  
  134  9:03  Nexus  
  134  9:07  Pylon  
  134  9:11  Disruptor (Chrono Boost), Probe x2  
  139  9:19  Photon Cannon  
  139  9:21  Shield Battery  
  139  9:29  Disruptor (Chrono Boost), Probe x2  
  139  9:30  Probe  
  145  9:39  Stalker, Zealot x3  
  145  9:42  Stalker  
  145  9:43  Stalker x2  
  159  9:48  Disruptor  
  159  9:51  Probe  
  163  9:54  Dark Shrine  
  163  9:58  Templar Archives  
  159  10:03  Zealot x4  
  165  10:16  Probe  
  166  10:24  Disruptor (Chrono Boost)  
  170  10:34  Disruptor (Chrono Boost)  
  170  10:35  Probe x2  
  170  10:37  Assimilator  
  170  10:41  Assimilator  
  164  10:45  Pylon  
  164  10:50  High Templar  
  164  10:51  High Templar, Zealot x5  
  164  10:52  Disruptor, Pylon  
  164  10:57  Gateway  
  181  10:58  Gateway  
  181  11:00  Gateway  
  181  11:01  Archon  
  181  11:02  Photon Cannon  
  181  11:03  Shield Battery  
  181  11:10  Disruptor (Chrono Boost)  
  180  11:14  Probe x2  
  172  11:35  Disruptor (Chrono Boost)  
  172  11:36  Nexus  
  172  11:37  Dark Templar  
  172  11:38  Dark Templar x3, Pylon  
  175  11:40  Dark Templar  
  175  11:45  Observer (Chrono Boost)  
  170  12:16  Zealot x10  
Show
View Real Time Build Order
Export as new Build Order

AqueroN Terran 

Build Orders: Reaper Expand 

Get SALT Encoding   

  12  0:00  SCV  
  13  0:12  SCV  
  14  0:16  Supply Depot  
  14  0:24  SCV  
  15  0:38  SCV  
  15  0:40  Barracks  
  16  0:44  Refinery  
  16  0:50  SCV  
  17  1:02  SCV  
  18  1:14  SCV  
  19  1:26  Orbital Command  
  19  1:27  Reaper  
  20  1:43  Command Center  
  20  1:55  Bunker, SCV  
  20  2:00  Barracks Reactor  
  21  2:05  Supply Depot  
  21  2:08  SCV  
  22  2:16  Barracks  
  22  2:20  SCV  
  23  2:30  Barracks  
  23  2:32  SCV  
  23  2:36  Marine x2  
  25  2:44  SCV  
  26  2:54  Marine x2  
  26  2:56  SCV  
  26  2:58  Orbital Command  
  29  3:03  Orbital Command  
  30  3:09  SCV  
  30  3:12  Marine  
  32  3:14  Marine  
  32  3:16  Barracks Tech Lab  
  32  3:17  Refinery  
  32  3:18  Barracks Tech Lab  
  30  3:24  Bunker  
  30  3:25  SCV  
  31  3:29  SCV, Marine  
  31  3:32  Marine  
  34  3:35  Supply Depot  
  34  3:36  Marauder  
  34  3:39  Stimpack  
  36  3:41  SCV  
  36  3:44  Marine  
  36  3:45  SCV  
  39  3:49  Marine  
  39  3:51  Marine  
  39  3:53  Combat Shield  
  41  3:56  SCV  
  41  3:59  Marauder  
  44  4:04  SCV  
  44  4:08  Marauder, SCV  
  44  4:09  Marine  
  49  4:11  Marine  
  49  4:16  Supply Depot  
  50  4:19  Engineering Bay  
  50  4:22  Marine  
  51  4:27  Marine  
  51  4:29  SCV x2  
  54  4:33  Supply Depot  
  54  4:37  Marine x2  
  56  4:40  Marine  
  56  4:44  Marine  
  58  4:46  Factory  
  58  4:47  Terran Infantry Weapons Level 1  
  58  4:49  SCV  
  58  4:51  SCV  
  60  4:55  Marine  
  60  4:58  Missile Turret  
  61  5:00  Marauder  
  61  5:03  Marauder  
  65  5:08  Supply Depot  
  65  5:12  Supply Depot, SCV x2  
  67  5:15  Marine x2  
  67  5:17  Concussive Shells  
  69  5:24  SCV  
  69  5:28  Marauder x2  
  70  5:33  SCV  
  67  5:36  SCV  
  67  5:37  Marine x2  
  70  5:44  Starport  
  70  5:45  Factory Reactor  
  70  5:48  SCV x2  
  70  5:49  Marauder  
  75  5:50  Marauder  
  75  5:53  Supply Depot  
  75  5:59  Marine x2  
  75  6:02  SCV x2  
  79  6:08  Supply Depot  
  79  6:11  Marauder x2  
  83  6:18  SCV x2  
  84  6:20  Marine x2  
  86  6:28  Command Center  
  86  6:31  Refinery  
  86  6:32  Marauder  
  89  6:33  Marauder  
  89  6:36  Factory Reactor  
  73  6:52  SCV x2  
  73  6:53  Marauder  
  67  6:54  Marauder  
  67  6:56  Marine x2  
  67  7:04  SCV, Terran Infantry Armor Level 1  
  68  7:13  Marine, Barracks  
  68  7:14  Marine  
  68  7:15  Marauder x2, Barracks  
  74  7:20  Medivac x2  
  78  7:23  SCV x2  
  78  7:26  Supply Depot  
  78  7:27  Factory Reactor  
  78  7:29  Refinery  
  80  7:31  Marine x2  
  80  7:36  Supply Depot, SCV x2  
  84  7:38  Marauder  
  84  7:39  Marauder  
  88  7:48  SCV  
  88  7:49  SCV  
  90  7:55  Medivac x2, Marine  
  90  7:56  Marine, Supply Depot  
  96  8:01  Marauder  
  96  8:02  Marauder  
  100  8:06  Orbital Command  
  100  8:07  Barracks Tech Lab, Barracks Reactor  
  100  8:11  SCV x2  
  102  8:13  Missile Turret  
  102  8:23  SCV x2  
  102  8:24  Marine x2, Marauder x2  
  110  8:29  Viking  
  110  8:30  Viking  
  110  8:32  Orbital Command  
  114  8:35  Widow Mine x2  
  114  8:39  Marauder  
  114  8:40  SCV  
  114  8:41  SCV  
  122  8:45  Marine  
  122  8:46  Marine  
  122  8:47  Starport, Marine  
  125  8:52  Marine  
  125  8:53  Marauder  
  125  8:55  SCV x2  
  130  8:58  Supply Depot  
  130  9:05  Viking x2  
  134  9:12  SCV x2  
  134  9:13  Supply Depot  
  134  9:14  Supply Depot, Marauder  
  137  9:17  Marine x2  
  137  9:18  Marine  
  137  9:19  Marine  
  137  9:21  Marauder  
  143  9:30  Viking  
  143  9:31  Viking  
  145  9:35  Marauder  
  145  9:36  Marauder  
  149  9:42  Marauder, Refinery  
  149  9:43  Bunker, Refinery  
  151  9:45  Supply Depot  
  151  9:46  Medivac x2  
  151  9:48  Supply Depot  
  151  9:51  Marine x4  
  159  9:57  Ghost Academy  
  159  10:03  Marauder x2  
  163  10:17  Marine x2, Viking x2  
  163  10:18  Marine x2  
  167  10:37  Ghost x2, Viking  
  167  10:40  Ghost  
  167  10:42  Marine x4  
  179  10:48  Supply Depot  
  179  10:50  Supply Depot  
  179  10:55  Command Center  
  179  10:57  Viking  
  181  11:01  Supply Depot, Viking  
  183  11:04  SCV x3  
  185  11:17  Ghost x2  
  184  11:28  Marine x2, Ghost  
  184  11:29  Marine x2  
  183  11:44  Viking x2  
  157  12:04  Marauder x2  
  157  12:07  Marine x3  
Tags
 
Add a new tag
Caveats
  • Supply blocks, unpowered buildings, or Contaminate may cause inaccurate times.
  • Supply counts are checked every 10 seconds.